 Dungeon Sprint DCSS version 0.19-b1-4-gd8a0a2a (webtiles) character file.

8000000 LORDOFBUTT the Axe Maniac (level 27, -35/272 (273) HPs)
             Began as a Minotaur Fighter on Oct 31, 2016.
             Was the Champion of Makhleb.
             Annihilated by The Servant
             ... wielding a +9 glaive of flaming
              (119 damage)
             ... in the Dungeon (Sprint VIII: "Arena of Blood").
             The game lasted 00:04:28 (80 turns).

LORDOFBUTT the Axe Maniac (Minotaur Fighter)          Turns: 80, Time: 00:04:30

HP:   -35/272 (273) AC: 13    Str: 31    XL:     27
MP:   32/53         EV: 27    Int:  5    God:    Makhleb [******]
Gold: 0             SH:  0    Dex: 13    Spells: 0 memorised, 80 levels left

rFire  . . .     SeeInvis .     l - +∞ Axe of Woe
rCold  . . .     Gourm    .     b - +0 scale mail
rNeg   . . .     Faith    .     (shield currently unavailable)
rPois  .         Spirit   .     (helmet restricted)
rElec  .         Reflect  .     (no cloak)
rCorr  .         Harm     .     (no gloves)
MR     ++...     NoTele   +     (no boots)
Stlth  ++++++++..               (no amulet)
                                (no ring)
                                m - +30 ring of slaying

@: non-regenerating, diseased
A: retaliatory headbutt, horns 2
a: Minor Destruction, Lesser Servant of Makhleb, Major Destruction, Greater
Servant of Makhleb, Renounce Religion


You were in the Dungeon.
You worshipped Makhleb.
Makhleb was exalted by your worship.
You were not hungry.

You visited 1 branch

Inventory:

Hand Weapons
 a - a +0 war axe
 l - the +∞ Axe of Woe (weapon)
   (You found it in the Dungeon)
Armour
 b - a +0 scale mail (worn)
 c - a +0 shield
Jewellery
 m - a +30 ring of slaying (left hand)
Scrolls
 k - a scroll of blinking
Potions
 d - a potion of might
 e - a potion of curing
 h - a potion of haste
 i - 2 potions of magic
 j - a potion of berserk rage
Comestibles
 f - a bread ration


   Skills:
 O Level 27 Fighting
 O Level 27 Axes
 O Level 27 Throwing
 O Level 27 Armour
 O Level 27 Dodging
 O Level 27 Stealth
 O Level 27 Shields
 O Level 27 Unarmed Combat
 O Level 27 Spellcasting
 O Level 27 Invocations


You had 80 spell levels left.
You didn't know any spells.

Dungeon Overview and Level Annotations

Branches:
Dungeon (1/1)

Altars:
Makhleb

Annotations:
D The Servant


Innate Abilities, Weirdness & Mutations

You reflexively headbutt those who attack you in melee.
You have a pair of horns on your head.


Message History

A bag of meat comes into view. It is wielding a +9 war axe.
You hit the large abomination but do no damage.
You chop the large abomination into pieces.
You destroy the large abomination!
You open the large abomination like a pillowcase!!!
You dissect the large abomination like a pig carcass.
You destroy the large abomination!
You slice the large abomination like a ripe choko!!!
You butcher the large abomination messily.
You destroy the large abomination!
Makhleb accepts your kill.
You feel better.
You are engulfed in roaring flames.
You hear a shout! x3
The tyrant mumbles some strange words.
You hear a shout!
The destroyer blinks!
You hear a shout!
The Servant is engulfed in roaring flames.
The Servant hits you from afar with a +9 glaive of flaming!!!!
You die...

............
...........
...........
.........§
#.....§§# .
#...2.o)# ...
..###....§@§###....
.....XL###§V).o....
....zXooX@§o..o....
..Wo#XCXO)#o.o....
. #_)x)§#....%..
#..)).#......#
L.o.._..........
......###.........
.###.. ...###.o..
#.. ...# #.. ...#


You could see a tentacled monstrosity, a tyrant, The Servant, a destroyer, a
sculptor of flesh, a large bag of meat (inner flame), 4 large abominations, a
dread, a meat berserker (berserk), 10 bags of meat and a crawling corpse.

Vanquished Creatures
  A hell beast (D)
  A greater mummy (D)
  18 vampire knights (D)
  27 ogres (D)
  2 liches (D)
  44 orcs (D)
  6 hill giants (D)
  2 skeletal warriors (D)
  4 large abominations (D)
  6 small abominations (D)
  4 crawling corpses (D)
115 creatures vanquished.

Vanquished Creatures (others)
  A crawling corpse (D)
1 creature vanquished.

Grand Total: 116 creatures vanquished

Notes
Turn   | Place    | Note
-------+----------+-------------------------------------------
     0 | D        | LORDOFBUTT the Minotaur Fighter began the quest for the Orb.
     0 | D        | Reached XP level 1. HP: 19/19 MP: 0/0
     2 | D        | Noticed a bag of meat
     2 | D        | Noticed a bag of meat
     2 | D        | Noticed a bag of meat
     2 | D        | Noticed a bag of meat
     4 | D        | Noticed a bag of meat
     4 | D        | Noticed a bag of meat
     4 | D        | Noticed a bag of meat
     5 | D        | Noticed a bag of meat
     6 | D        | Noticed a bag of meat
     6 | D        | Noticed a meat berserker
     8 | D        | Noticed a bag of meat
     9 | D        | Noticed a meat berserker
     9 | D        | Killed a bag of meat
     9 | D        | Reached skill level 27 in Axes
     9 | D        | Reached skill level 10 in Fighting
     9 | D        | Reached skill level 10 in Armour
     9 | D        | Reached XP level 2. HP: 38/38 MP: 1/1
     9 | D        | Reached XP level 3. HP: 45/45 MP: 2/2
     9 | D        | Reached XP level 4. HP: 51/51 MP: 3/3
     9 | D        | Reached XP level 5. HP: 58/58 MP: 4/4
     9 | D        | Reached XP level 6. HP: 66/66 MP: 5/5
     9 | D        | Reached XP level 7. HP: 72/72 MP: 6/6
     9 | D        | Reached XP level 8. HP: 79/79 MP: 7/7
     9 | D        | Reached XP level 9. HP: 85/85 MP: 8/8
     9 | D        | Reached XP level 10. HP: 93/93 MP: 9/9
     9 | D        | Reached XP level 11. HP: 100/100 MP: 10/10
     9 | D        | Killed a bag of meat
     9 | D        | Reached skill level 15 in Fighting
     9 | D        | Reached skill level 15 in Armour
     9 | D        | Reached XP level 12. HP: 121/121 MP: 11/11
     9 | D        | Killed a bag of meat
     9 | D        | Reached XP level 13. HP: 134/134 MP: 12/12
    10 | D        | Noticed a meat berserker
    10 | D        | Killed a bag of meat
    10 | D        | Reached XP level 14. HP: 96/148 MP: 13/13
    10 | D        | Killed a bag of meat
    10 | D        | Killed a bag of meat
    10 | D        | Reached XP level 15. HP: 106/163 MP: 14/14
    10 | D        | Killed a meat berserker
    10 | D        | Reached skill level 27 in Armour
    10 | D        | Reached XP level 16. HP: 119/182 MP: 15/15
    10 | D        | Reached skill level 27 in Fighting
    10 | D        | Reached skill level 27 in Dodging
    13 | D        | Killed a meat berserker
    13 | D        | Reached skill level 10 in Stealth
    13 | D        | Reached XP level 17. HP: 95/191 MP: 15/31
    13 | D        | Killed a meat berserker
    14 | D        | Reached XP level 18. HP: 100/200 MP: 15/35
    16 | D        | Noticed a meat berserker
    16 | D        | Noticed a meat berserker
    16 | D        | Reached skill level 15 in Throwing
    16 | D        | Reached skill level 15 in Spellcasting
    17 | D        | Noticed a meat berserker
    18 | D        | Noticed a large bag of meat
    18 | D        | Killed a meat berserker
    19 | D        | Noticed a meat berserker
    20 | D        | Killed a meat berserker
    20 | D        | Reached skill level 27 in Shields
    20 | D        | Reached XP level 19. HP: 32/207 MP: 16/41
    22 | D        | Noticed a meat berserker
    23 | D        | Noticed a large bag of meat
    23 | D        | Killed a meat berserker
    23 | D        | Killed a meat berserker
    26 | D        | Became a worshipper of Makhleb the Destroyer
    27 | D        | Noticed a large bag of meat
    27 | D        | Reached XP level 20. HP: 55/216 MP: 18/46
    28 | D        | Killed a meat berserker
    28 | D        | Reached * piety under Makhleb
    31 | D        | Noticed The Servant
    34 | D        | Reached ** piety under Makhleb
    34 | D        | Reached XP level 21. HP: 136/224 MP: 20/50
    35 | D        | Noticed a destroyer
    36 | D        | Noticed a destroyer
    37 | D        | Reached skill level 27 in Throwing
    37 | D        | Reached skill level 27 in Spellcasting
    37 | D        | Killed a destroyer
    37 | D        | Reached *** piety under Makhleb
    37 | D        | Reached skill level 27 in Stealth
    39 | D        | Reached **** piety under Makhleb
    39 | D        | Reached skill level 27 in Invocations
    39 | D        | Reached skill level 1 in Unarmed Combat
    40 | D        | Noticed a destroyer
    40 | D        | Noticed a destroyer
    41 | D        | Reached XP level 22. HP: 148/233 MP: 22/52
    42 | D        | Noticed a destroyer
    43 | D        | Noticed a destroyer
    43 | D        | Reached skill level 27 in Unarmed Combat
    43 | D        | Reached ***** piety under Makhleb
    44 | D        | Reached XP level 23. HP: 178/240 MP: 23/53
    45 | D        | Killed a destroyer
    46 | D        | Reached XP level 24. HP: 249/249 MP: 23/53
    48 | D        | Noticed a destroyer
    49 | D        | Noticed an accursed
    49 | D        | Killed a destroyer
    49 | D        | Reached ****** piety under Makhleb
    49 | D        | Reached XP level 25. HP: 257/257 MP: 24/53
    49 | D        | Killed a destroyer
    50 | D        | Noticed a destroyer
    50 | D        | Noticed a destroyer
    50 | D        | Killed a destroyer
    50 | D        | Reached XP level 26. HP: 266/266 MP: 24/53
    50 | D        | Noticed a destroyer
    52 | D        | Noticed a destroyer
    52 | D        | Killed a destroyer
    52 | D        | Killed a destroyer
    52 | D        | Noticed a destroyer
    53 | D        | Reached XP level 27. HP: 273/273 MP: 25/53
    53 | D        | Noticed a destroyer
    54 | D        | Killed a destroyer
    55 | D        | Killed a destroyer
    55 | D        | Killed a destroyer
    57 | D        | Noticed a destroyer
    58 | D        | Killed a destroyer
    58 | D        | Killed a destroyer
    60 | D        | Noticed a tyrant
    60 | D        | Killed a destroyer
    61 | D        | Killed an accursed
    64 | D        | Killed a destroyer
    69 | D        | Noticed a tyrant
    69 | D        | Noticed a tyrant
    70 | D        | Killed a tyrant
    71 | D        | Noticed a meat beast
    72 | D        | Noticed a destroyer
    74 | D        | Noticed a destroyer
    75 | D        | Noticed a tyrant
    75 | D        | Noticed a destroyer
    75 | D        | Killed a meat beast
    75 | D        | Killed a destroyer
    76 | D        | Noticed a destroyer
    76 | D        | Noticed a destroyer
    77 | D        | Killed a destroyer
    78 | D        | Killed a destroyer
    78 | D        | Killed a tyrant
    79 | D        | Noticed a dread
    79 | D        | Noticed a meat beast
    79 | D        | Killed a destroyer
    80 | D        | Annihilated by The Servant

Skill      XL: |  1  2  3  4  5  6  7  8  9 10 11 12 13 14 15 16 17 18 19 20 21 22 |
---------------+-------------------------------------------------------------------+-----
Axes           | 27 | 27.0
Fighting       | 10 15 18 20 23 26 27 | 27.0
Armour         | 10 15 18 20 23 27 | 27.0
Dodging        | 8 14 16 18 21 25 27 | 27.0
Throwing       | 11 14 19 23 26 27 | 27.0
Stealth        | 10 13 17 21 25 27 | 27.0
Shields        | 17 23 27 | 27.0
Spellcasting   | 11 14 19 23 26 27 | 27.0
Invocations    | 27 | 27.0
Unarmed Combat | 20 27 | 27.0

Action                   |  1- 3 |  4- 6 |  7- 9 | 10-12 | 13-15 | 16-18 | 19-21 | 22-24 | 25-27 || total
-------------------------+-------+-------+-------+-------+-------+-------+-------+-------+-------++-------
Melee: Executioner's axe |     1 |       |       |       |     1 |     6 |     9 |     6 |    28 ||    51
Invok: Major Destruction |       |       |       |       |       |       |       |       |     1 ||     1
  Use: Potion            |       |       |       |       |       |       |     1 |       |       ||     1
Armor: Scale mail        |       |       |       |       |       |       |       |     3 |     2 ||     5
Dodge: Dodged            |       |       |       |       |       |       |     3 |     3 |     2 ||     8
